Workbook

Sheet Schedule of Lump Sum
B2: Item No. | C2: Description | D2: Qty | E2: Total (excl. GST)
B5: 1 | C5: Site Establishment & fencing / preliminaries/ Dial Before You Dig | D5: 1 | E5: ='Rate Spread Lump Sum'!O4+'Rate Spread Lump Sum'!O6+'Rate Spread Lump Sum'!O8 -> 32365.953
B7: 2 | C7: Demolish and remove the existing 2 discus + 2 shot put stations, cages and footings as per the RFQ | D7: 1 | E7: ='Rate Spread Lump Sum'!O10 -> 4352.472
B9: 3 | C9: Demolish and remove the long jump pit walls and pit sand as per the RFQ | D9: 1 | E9: ='Rate Spread Lump Sum'!O12 -> 7990.8197
B11: 4 | C11: Excavate and remove the soil between the existing long jump run ups and install the additional concrete as per the RFQ. | D11: 1 | E11: ='Rate Spread Lump Sum'!O14 -> 17257.849
B13: 5 | C13: Construct the 2 new discus stations as per the RFQ | D13: 1 | E13: ='Rate Spread Lump Sum'!O16 -> 14039.222
B15: 6 | C15: Construct the 3 new shot put stations as per the RFQ | E15: ='Rate Spread Lump Sum'!O18 -> 14437.519
B17: 7 | C17: Construct the new long jump pit walls as per the RFQ | E17: ='Rate Spread Lump Sum'!O20 -> 34072.249
B19: 8 | C19: Supply and install new pit sand as per the RFQ | E19: ='Rate Spread Lump Sum'!O22 -> 3262.8566
B21: 9 | C21: Supply, prep and install the new rubber sporting surface on the discus, shot put stations and long jump run ups as per the RFQ | E21: ='Rate Spread Lump Sum'!O24 -> 67484.739
B23: 10 | C23: Install the required drainage as per the RFQ | E23: ='Rate Spread Lump Sum'!O26 -> 4031.3464
B25: 11 | C25: Site restorations and clean-up | E25: ='Rate Spread Lump Sum'!O28 -> 3455.4398
B27: 12 | C27: All other works and obligations under the Contract NOT INCLUDED ELSEWHERE in this Schedule | E27: ='Rate Spread Lump Sum'!O30 -> 0
C29: TOTAL (excl. GST) | E29: =SUM(E4:E28) -> 202750.46 | G29: =E29-'Rate Spread Lump Sum'!I42 -> 0 | H29: Check

Sheet Rate Spread Lump Sum
B2: Item No. | C2: Description | E2: In-direct | G2: Direct | K2: % | M2: Calculated | O2: Offer
B4: 1 | C4: ='Summary Lump Sum'!C4 -> Management and Staff | E4: 0 | G4: ='Summary Lump Sum'!E4 -> 18000 | K4: =(G4/$G$39) -> 0.10225692 | M4: =K4*$E$39 -> 2732.6388 | O4: =G4+M4 -> 20732.639
B6: 2 | C6: ='Summary Lump Sum'!C6 -> Preliminaries | E6: 0 | G6: ='Summary Lump Sum'!E6 -> 4600 | K6: =(G6/$G$39) -> 0.026132325 | M6: =K6*$E$39 -> 698.34102 | O6: =G6+M6 -> 5298.341
B8: 3 | C8: ='Summary Lump Sum'!C8 -> Site Establishment | E8: 0 | G8: ='Summary Lump Sum'!E8 -> 5500 | K8: =(G8/$G$39) -> 0.031245171 | M8: =K8*$E$39 -> 834.97296 | O8: =G8+M8 -> 6334.973
B10: 4 | C10: ='Summary Lump Sum'!C10 -> Demolish and remove the existing 2 discus + 2 shot put stations, cages and footings | E10: 0 | G10: ='Summary Lump Sum'!E10 -> 3778.8 | K10: =(G10/$G$39) -> 0.021467137 | M10: =K10*$E$39 -> 573.67197 | O10: =G10+M10 -> 4352.472
B12: 5 | C12: ='Summary Lump Sum'!C12 -> Demolish and remove the long jump pit walls and pit sand | E12: 0 | G12: ='Summary Lump Sum'!E12 -> 6937.6 | K12: =(G12/$G$39) -> 0.039412091 | M12: =K12*$E$39 -> 1053.2197 | O12: =G12+M12 -> 7990.8197
B14: 6 | C14: ='Summary Lump Sum'!C14 -> Excavate and remove the soil between the existing long jump run ups and install the additional concrete | E14: 0 | G14: ='Summary Lump Sum'!E14 -> 14983.2 | K14: =(G14/$G$39) -> 0.085118663 | M14: =K14*$E$39 -> 2274.6485 | O14: =G14+M14 -> 17257.849
B16: 7 | C16: ='Summary Lump Sum'!C16 -> Construct the 2 new discus stations | E16: 0 | G16: ='Summary Lump Sum'!E16 -> 12188.8 | K16: =(G16/$G$39) -> 0.069243844 | M16: =K16*$E$39 -> 1850.4215 | O16: =G16+M16 -> 14039.222
B18: 8 | C18: ='Summary Lump Sum'!C18 -> Construct the 3 new shot put stations | E18: 0 | G18: ='Summary Lump Sum'!E18 -> 12534.6 | K18: =(G18/$G$39) -> 0.071208313 | M18: =K18*$E$39 -> 1902.9186 | O18: =G18+M18 -> 14437.519
B20: 9 | C20: ='Summary Lump Sum'!C20 -> Construct the new long jump pit walls | E20: 0 | G20: ='Summary Lump Sum'!E20 -> 29581.4 | K20: =(G20/$G$39) -> 0.16805016 | M20: =K20*$E$39 -> 4490.8489 | O20: =G20+M20 -> 34072.249
B22: 10 | C22: ='Summary Lump Sum'!C22 -> Supply and install new pit sand | E22: 0 | G22: ='Summary Lump Sum'!E22 -> 2832.8 | K22: =(G22/$G$39) -> 0.016092967 | M22: =K22*$E$39 -> 430.05662 | O22: =G22+M22 -> 3262.8566
B24: 11 | C24: ='Summary Lump Sum'!C24 -> Supply, prep and install the new rubber sporting surface on the discus, shot put stations and long jump run ups | E24: 0 | G24: ='Summary Lump Sum'!E24 -> 58590 | K24: =(G24/$G$39) -> 0.33284629 | M24: =K24*$E$39 -> 8894.7392 | O24: =G24+M24 -> 67484.739
B26: 12 | C26: ='Summary Lump Sum'!C26 -> Install the required drainage | E26: 0 | G26: ='Summary Lump Sum'!E26 -> 3500 | K26: =(G26/$G$39) -> 0.019883291 | M26: =K26*$E$39 -> 531.34643 | O26: =G26+M26 -> 4031.3464
... B30: 14 | C30: ='Summary Lump Sum'!C30 -> All other works and obligations under the Contract NOT INCLUDED ELSEWHERE in this Schedule | E30: 0 | G30: ='Summary Lump Sum'!E30 -> 0 | K30: =(G30/$G$39) -> 0 | M30: =K30*$E$39 -> 0 | O30: =G30+M30 -> 0
B32: 15 | C32: ='Summary Lump Sum'!C32 -> Contingency | E32: ='Summary Lump Sum'!E32 -> 5000 | G32: 0 | K32: =(G32/$G$39) -> 0 | M32: =K32*$E$39 -> 0 | O32: =G32+M32 -> 0
B34: 16 | C34: ='Summary Lump Sum'!C34 -> Head Office Overheads | E34: ='Summary Lump Sum'!E34 -> 12671.904 | G34: 0 | K34: =(G34/$G$39) -> 0 | M34: =K34*$E$39 -> 0 | O34: =G34+M34 -> 0
B36: 17 | C36: ='Summary Lump Sum'!C36 -> Risk and Profit | E36: ='Summary Lump Sum'!E36 -> 9051.36 | G36: 0 | K36: =(G36/$G$39) -> 0 | M36: =K36*$E$39 -> 0 | O36: =G36+M36 -> 0
C39: TOTALS | E39: =SUM(E4:E36) -> 26723.264 | G39: =SUM(G4:G36) -> 176027.2 | K39: =SUM(K4:K36) -> 1 | M39: =SUM(M4:M36) -> 26723.264 | O39: =SUM(O4:O36) -> 202750.46
C42: GRAND TOTAL | I42: =E39+G39 -> 202750.46
I43: ='Estimate Lump Sum'!L592 -> 202750.46
I44: =I42-I43 -> 0 | M44: =E39-M39 -> 0 | O44: =O39-I42 -> 0
I45: Check | M45: Check | O45: Check

Sheet Summary Lump Sum
B2: Item No. | C2: Description | E2: Total
B4: 1 | C4: ='Estimate Lump Sum'!C2 -> Management and Staff | E4: ='Estimate Lump Sum'!L23 -> 18000
B6: 2 | C6: ='Estimate Lump Sum'!C26 -> Preliminaries | E6: ='Estimate Lump Sum'!L104 -> 4600
B8: 3 | C8: ='Estimate Lump Sum'!C107 -> Site Establishment | E8: ='Estimate Lump Sum'!L185 -> 5500
B10: 4 | C10: ='Estimate Lump Sum'!C188 -> Demolish and remove the existing 2 discus + 2 shot put stations, cages and footings | E10: ='Estimate Lump Sum'!L201 -> 3778.8
B12: 5 | C12: ='Estimate Lump Sum'!C204 -> Demolish and remove the long jump pit walls and pit sand | E12: ='Estimate Lump Sum'!L217 -> 6937.6
B14: 6 | C14: ='Estimate Lump Sum'!C220 -> Excavate and remove the soil between the existing long jump run ups and install the additional concrete | E14: ='Estimate Lump Sum'!L279 -> 14983.2
B16: 7 | C16: ='Estimate Lump Sum'!C282 -> Construct the 2 new discus stations | E16: ='Estimate Lump Sum'!L349 -> 12188.8
B18: 8 | C18: ='Estimate Lump Sum'!C352 -> Construct the 3 new shot put stations | E18: ='Estimate Lump Sum'!L425 -> 12534.6
B20: 9 | C20: ='Estimate Lump Sum'!C428 -> Construct the new long jump pit walls | E20: ='Estimate Lump Sum'!L499 -> 29581.4
B22: 10 | C22: ='Estimate Lump Sum'!C502 -> Supply and install new pit sand | E22: ='Estimate Lump Sum'!L511 -> 2832.8
B24: 11 | C24: ='Estimate Lump Sum'!C514 -> Supply, prep and install the new rubber sporting surface on the discus, shot put stations and long jump run ups | E24: ='Estimate Lump Sum'!L534 -> 58590
B26: 12 | C26: ='Estimate Lump Sum'!C537 -> Install the required drainage | E26: ='Estimate Lump Sum'!L547 -> 3500
B28: 13 | C28: ='Estimate Lump Sum'!C550 -> Site restorations and clean-up | E28: ='Estimate Lump Sum'!L560 -> 3000
B30: 14 | C30: ='Estimate Lump Sum'!C563 -> All other works and obligations under the Contract NOT INCLUDED ELSEWHERE in this Schedule | E30: ='Estimate Lump Sum'!L571 -> 0
B32: 15 | C32: ='Estimate Lump Sum'!C574 -> Contingency | E32: ='Estimate Lump Sum'!L582 -> 5000
B34: 16 | C34: Head Office Overheads | E34: ='Estimate Lump Sum'!L589 -> 12671.904
B36: 17 | C36: Risk and Profit | E36: ='Estimate Lump Sum'!L590 -> 9051.36
C38: TOTAL | E38: =SUM(E4:E36) -> 202750.46
E39: ='Estimate Lump Sum'!L592 -> 202750.46 | F39: =E38-E39 -> 0 | G39: Check

Sheet Estimate Lump Sum
B1: Item No. | C1: Description | E1: Quantity | H1: Unit | I1: Unit Rate | J1: Cost | K1: Allocation | L1: Total | N1: Check
B2: 1 | C2: Management and Staff
B4: 1.1 | C4: Management | G4: 0 | H4: wks
B5: a | C5: Project Manager | D5: Anthony Hrdalo | E5: 1 | F5: Staff | G5: 0 | H5: wks | I5: 0 | J5: =E5*G5*I5 -> 0 | K5: 1 | L5: =J5*K5 -> 0
H6: =H4 -> wks | I6: =L6/G4 -> #DIV/0! | J6: =SUM(J5:J5) -> 0 | L6: =SUM(L5:L5) -> 0 | N6: =SUM(L5:L5) -> 0 | O6: =N6-L6 -> 0
B8: 1.2 | C8: Engineering | G8: 0 | H8: wks
B9: a | C9: Project Engineer | E9: 1 | F9: Staff | G9: 0 | H9: wks | I9: 0 | J9: =E9*G9*I9 -> 0 | K9: 1 | L9: =J9*K9 -> 0
B10: b | C10: Site Engineer | E10: 0 | F10: Staff | G10: 0 | H10: mths | I10: 0 | J10: =E10*G10*I10 -> 0 | K10: 1 | L10: =J10*K10 -> 0
H11: =H8 -> wks | I11: =L11/G8 -> #DIV/0! | J11: =SUM(J9:J10) -> 0 | L11: =SUM(L9:L10) -> 0 | N11: =SUM(L9:L10) -> 0 | O11: =N11-L11 -> 0
B13: 1.3 | C13: Site Supervision | G13: 6 | H13: wks
B14: a | C14: Supervisor | E14: 1 | F14: Staff | G14: 6 | H14: wks | I14: 3000 | J14: =E14*G14*I14 -> 18000 | K14: 1 | L14: =J14*K14 -> 18000
H15: =H13 -> wks | I15: =L15/G13 -> 3000 | J15: =SUM(J14:J14) -> 18000 | L15: =SUM(L14:L14) -> 18000 | N15: =SUM(L14:L14) -> 18000 | O15: =N15-L15 -> 0
B17: 1.4 | C17: Consultants | G17: 1 | H17: item
B18: a | C18: Consultant | E18: 1 | F18: Item | G18: 1 | H18: Item | I18: 0 | J18: =E18*G18*I18 -> 0 | K18: 1 | L18: =J18*K18 -> 0
H19: =H17 -> item | I19: =L19/G17 -> 0 | J19: =SUM(J18:J18) -> 0 | L19: =SUM(L18:L18) -> 0 | N19: =SUM(L18:L18) -> 0 | O19: =N19-L19 -> 0
B23: 1 | C23: TOTAL COST FOR: | D23: =C2 -> Management and Staff | G23: 6 | H23: wks | I23: =L23/G23 -> 3000 | J23: =SUM(J2:J22)/2 -> 18000 | L23: =SUM(L2:L22)/2 -> 18000 | N23: =O23-L23 -> 0 | O23: =SUM(N2:N22) -> 18000
B25: Item No. | C25: Description | E25: Quantity | H25: Unit | I25: Unit Rate | J25: Cost | K25: Allocation | L25: Total | N25: Check
B26: 2 | C26: Preliminaries
B28: 2.1 | C28: Contract Costs | G28: 1 | H28: item
B29: a | C29: Liquidated Damages | E29: 1 | F29: item | G29: 1 | H29: item | I29: 0 | J29: =E29*G29*I29 -> 0 | K29: 1 | L29: =J29*K29 -> 0
B30: b | C30: Inclement Weather | E30: 1 | F30: item | G30: 1 | H30: item | I30: 0 | J30: =E30*G30*I30 -> 0 | K30: 1 | L30: =J30*K30 -> 0
B31: c | C31: Retention | E31: 1 | F31: item | G31: 1 | H31: item | I31: 0 | J31: =E31*G31*I31 -> 0 | K31: 1 | L31: =J31*K31 -> 0
B32: d | C32: Security | E32: 1 | F32: item | G32: 1 | H32: item | I32: 0 | J32: =E32*G32*I32 -> 0 | K32: 1 | L32: =J32*K32 -> 0
B33: c | C33: Additional Security | E33: 1 | F33: item | G33: 1 | H33: item | I33: 0 | J33: =E33*G33*I33 -> 0 | K33: 1 | L33: =J33*K33 -> 0
H34: =H28 -> item | I34: =L34/G28 -> 0 | J34: =SUM(J29:J33) -> 0 | L34: =SUM(L29:L33) -> 0 | N34: =SUM(L34:M34) -> 0 | O34: =N34-L34 -> 0
B36: 2.2 | C36: Insurances | G36: 1 | H36: item
B37: a | C37: Workers Compensation | E37: 1 | F37: item | G37: 1 | H37: item | I37: 0 | J37: =E37*G37*I37 -> 0 | K37: 1 | L37: =J37*K37 -> 0
B38: b | C38: Superannuation | E38: 1 | F38: item | G38: 1 | H38: item | I38: 0 | J38: =E38*G38*I38 -> 0 | K38: 1 | L38: =J38*K38 -> 0
B39: c | C39: Public and Product Liability | E39: 1 | F39: item | G39: 1 | H39: item | I39: 0 | J39: =E39*G39*I39 -> 0 | K39: 1 | L39: =J39*K39 -> 0
B40: d | C40: Contract Works | E40: 1 | F40: item | G40: 1 | H40: item | I40: 0 | J40: =E40*G40*I40 -> 0 | K40: 1 | L40: =J40*K40 -> 0
B41: e | C41: Professional Indemnity | E41: 1 | F41: item | G41: 1 | H41: item | I41: 0 | J41: =E41*G41*I41 -> 0 | K41: 1 | L41: =J41*K41 -> 0
B42: f | C42: Vehicle and Plant Insurance | E42: 1 | F42: item | G42: 1 | H42: item | I42: 0 | J42: =E42*G42*I42 -> 0 | K42: 1 | L42: =J42*K42 -> 0
H43: =H36 -> item | I43: =L43/G36 -> 0 | J43: =SUM(J37:J42) -> 0 | L43: =SUM(L37:L42) -> 0 | N43: =SUM(L43:M43) -> 0 | O43: =N43-L43 -> 0
B45: 2.3 | C45: Office Costs | G45: 6 | H45: wks
B46: a | C46: Computers | E46: 1 | F46: item | G46: 1 | H46: item | I46: 0 | J46: =E46*G46*I46 -> 0 | K46: 1 | L46: =J46*K46 -> 0
B47: b | C47: Photocopier | E47: 1 | F47: item | G47: 1 | H47: item | I47: 0 | J47: =E47*G47*I47 -> 0 | K47: 1 | L47: =J47*K47 -> 0
B48: c | C48: Printers | E48: 1 | F48: item | G48: 1 | H48: item | I48: 0 | J48: =E48*G48*I48 -> 0 | K48: 1 | L48: =J48*K48 -> 0
B49: d | C49: Phone/Mobiles/Internet/Rentals | E49: 1 | F49: item | G49: 6 | H49: wks | I49: 0 | J49: =E49*G49*I49 -> 0 | K49: 1 | L49: =J49*K49 -> 0
B50: e | C50: Stationary/Office Supplies | E50: 1 | F50: item | G50: 6 | H50: wks | I50: 0 | J50: =E50*G50*I50 -> 0 | K50: 1 | L50: =J50*K50 -> 0
B51: f | C51: Other/Misc. | E51: 1 | F51: item | G51: 6 | H51: wks | I51: 0 | J51: =E51*G51*I51 -> 0 | K51: 1 | L51: =J51*K51 -> 0
H52: =H45 -> wks | I52: =L52/G45 -> 0 | J52: =SUM(J46:J51) -> 0 | L52: =SUM(L46:L51) -> 0 | N52: =SUM(L46:L51) -> 0 | O52: =N52-L52 -> 0
B54: 2.4 | C54: Crib/Ablution Costs | G54: 6 | H54: wks
B55: a | C55: Crib/Toilet/Cleaning Supplies | E55: 1 | F55: item | G55: 6 | H55: wks | I55: 0 | J55: =E55*G55*I55 -> 0 | K55: 1 | L55: =J55*K55 -> 0
B56: b | C56: Other/Misc. | E56: 1 | F56: item | G56: 1 | H56: item | I56: 0 | J56: =E56*G56*I56 -> 0 | K56: 1 | L56: =J56*K56 -> 0
H57: =H54 -> wks | I57: =L57/G54 -> 0 | J57: =SUM(J55:J56) -> 0 | L57: =SUM(L55:L56) -> 0 | N57: =SUM(L55:L56) -> 0 | O57: =N57-L57 -> 0
B59: 2.5 | C59: Site Labour - Cleaning | G59: 6 | H59: wks
B60: a | C60: Cleaner | E60: 1 | F60: cleaner | G60: 6 | H60: wks | I60: 0 | J60: =E60*G60*I60 -> 0 | K60: 1 | L60: =J60*K60 -> 0
B61: b | C61: Other/Misc. | E61: 1 | F61: item | G61: 1 | H61: item | I61: 0 | J61: =E61*G61*I61 -> 0 | K61: 1 | L61: =J61*K61 -> 0
H62: =H59 -> wks | I62: =L62/G59 -> 0 | J62: =SUM(J60:J61) -> 0 | L62: =SUM(L60:L61) -> 0 | N62: =SUM(L60:L61) -> 0 | O62: =N62-L62 -> 0
B64: 2.6 | C64: Site Security | G64: 6 | H64: wks
B65: a | C65: Security Guards | E65: 1 | F65: guards | G65: 6 | H65: wks | I65: 0 | J65: =E65*G65*I65 -> 0 | K65: 1 | L65: =J65*K65 -> 0
B66: b | C66: Other/Misc. | E66: 1 | F66: item | G66: 0 | H66: item | I66: 0 | J66: =E66*G66*I66 -> 0 | K66: 1 | L66: =J66*K66 -> 0
H67: =H64 -> wks | I67: =L67/G64 -> 0 | J67: =SUM(J65:J66) -> 0 | L67: =SUM(L65:L66) -> 0 | N67: =SUM(L65:L66) -> 0 | O67: =N67-L67 -> 0
B69: 2.7 | C69: Survey | D69: 3 days | G69: 1 | H69: item
B70: a | C70: Surveyor | E70: 1 | F70: surveyor | G70: 1 | H70: item | I70: 500 | J70: =E70*G70*I70 -> 500 | K70: 1 | L70: =J70*K70 -> 500
B71: b | C71: Works as Ex. Drawings | E71: 1 | F71: item | G71: 1 | H71: item | I71: 500 | J71: =E71*G71*I71 -> 500 | K71: 1 | L71: =J71*K71 -> 500
B72: c | C72: Other/Misc. | E72: 1 | F72: item | G72: 1 | H72: item | I72: 0 | J72: =E72*G72*I72 -> 0 | K72: 1 | L72: =J72*K72 -> 0
H73: =H69 -> item | I73: =L73/G69 -> 1000 | J73: =SUM(J70:J72) -> 1000 | L73: =SUM(L70:L72) -> 1000 | N73: =SUM(L70:L72) -> 1000 | O73: =N73-L73 -> 0
B75: 2.8 | C75: Site Rubbish | G75: 6 | H75: wks
B76: a | C76: General Rubbish | E76: 1 | F76: item | G76: 6 | H76: wks | I76: 100 | J76: =E76*G76*I76 -> 600 | K76: 1 | L76: =J76*K76 -> 600
B77: b | C77: Builders Waste | E77: 1 | F77: item | G77: 6 | H77: wks | I77: 0 | J77: =E77*G77*I77 -> 0 | K77: 1 | L77: =J77*K77 -> 0
B78: c | C78: Steel Recycling | E78: 1 | F78: item | G78: 6 | H78: wks | I78: 0 | J78: =E78*G78*I78 -> 0 | K78: 1 | L78: =J78*K78 -> 0
B79: d | C79: Paper/Cardboard Recycling | E79: 1 | F79: item | G79: 6 | H79: wks | I79: 0 | J79: =E79*G79*I79 -> 0 | K79: 1 | L79: =J79*K79 -> 0
B80: e | C80: Other/Misc. | E80: 1 | F80: item | G80: 1 | H80: item | I80: 0 | J80: =E80*G80*I80 -> 0 | K80: 1 | L80: =J80*K80 -> 0
H81: =H75 -> wks | I81: =L81/G75 -> 100 | J81: =SUM(J76:J80) -> 600 | L81: =SUM(L76:L80) -> 600 | N81: =SUM(L76:L80) -> 600 | O81: =N81-L81 -> 0
B83: 2.9 | C83: Utilities (Temporary Services) | G83: 6 | H83: wks
B84: a | C84: Diesel | E84: 1 | F84: item | G84: 6 | H84: wks | I84: 300 | J84: =E84*G84*I84 -> 1800 | K84: 1 | L84: =J84*K84 -> 1800
B85: b | C85: Water | E85: 1 | F85: item | G85: 6 | H85: wks | I85: 0 | J85: =E85*G85*I85 -> 0 | K85: 1 | L85: =J85*K85 -> 0
B86: c | C86: Sewer | E86: 1 | F86: item | G86: 6 | H86: wks | I86: 0 | J86: =E86*G86*I86 -> 0 | K86: 1 | L86: =J86*K86 -> 0
B87: d | C87: Electricity | E87: 1 | F87: item | G87: 6 | H87: wks | I87: 0 | J87: =E87*G87*I87 -> 0 | K87: 1 | L87: =J87*K87 -> 0
B88: e | C88: Petrol - Unleaded | E88: 1 | F88: item | G88: 6 | H88: wks | I88: 100 | J88: =E88*G88*I88 -> 600 | K88: 1 | L88: =J88*K88 -> 600
B89: f | C89: Other/Misc. | E89: 1 | F89: item | G89: 1 | H89: item | I89: 100 | J89: =E89*G89*I89 -> 100 | K89: 1 | L89: =J89*K89 -> 100
H90: =H83 -> wks | I90: =L90/G83 -> 416.66667 | J90: =SUM(J84:J89) -> 2500 | L90: =SUM(L84:L89) -> 2500 | N90: =SUM(L84:L89) -> 2500 | O90: =N90-L90 -> 0
B92: 2.1 | C92: Other Costs | G92: 6 | H92: wks
B93: a | C93: Training | E93: 1 | F93: item | G93: 1 | H93: Item | I93: 0 | J93: =E93*G93*I93 -> 0 | K93: 1 | L93: =J93*K93 -> 0
B94: b | C94: Audits | E94: 1 | F94: item | G94: 1 | H94: Item | I94: 0 | J94: =E94*G94*I94 -> 0 | K94: 1 | L94: =J94*K94 -> 0
B95: c | C95: Accommodation | E95: 1 | F95: item | G95: 6 | H95: wks | I95: 0 | J95: =E95*G95*I95 -> 0 | K95: 1 | L95: =J95*K95 -> 0
B96: d | C96: Entertainment - Internal | E96: 1 | F96: item | G96: 1 | H96: Item | I96: 0 | J96: =E96*G96*I96 -> 0 | K96: 1 | L96: =J96*K96 -> 0
B97: e | C97: Entertainment - Client | E97: 1 | F97: item | G97: 1 | H97: Item | I97: 0 | J97: =E97*G97*I97 -> 0 | K97: 1 | L97: =J97*K97 -> 0
B98: f | C98: Petty Cash | E98: 1 | F98: item | G98: 1 | H98: Item | I98: 500 | J98: =E98*G98*I98 -> 500 | K98: 1 | L98: =J98*K98 -> 500
B99: g | C99: Other/Misc. | E99: 1 | F99: item | G99: 1 | H99: Item | I99: 0 | J99: =E99*G99*I99 -> 0 | K99: 1 | L99: =J99*K99 -> 0
H100: =H92 -> wks | I100: =L100/G92 -> 83.333333 | J100: =SUM(J93:J99) -> 500 | L100: =SUM(L93:L99) -> 500 | N100: =SUM(L93:L99) -> 500 | O100: =N100-L100 -> 0
B104: 2 | C104: TOTAL COST FOR: | D104: =C26 -> Preliminaries | G104: 6 | H104: wks | I104: =L104/G104 -> 766.66667 | J104: =SUM(J26:J103)/2 -> 4600 | L104: =SUM(L26:L103)/2 -> 4600 | N104: =O104-L104 -> 0 | O104: =SUM(N26:N103) -> 4600
B106: Item No. | C106: Description | E106: Quantity | F106: Unit | I106: Unit Rate | J106: Cost | K106: Allocation | L106: Total
B107: 3 | C107: Site Establishment
B109: 3.1 | C109: Establish Project Plans/Documentation | G109: 1 | H109: item
B110: a | C110: CMC | E110: 1 | F110: item | G110: 1 | H110: item | I110: 0 | J110: =E110*G110*I110 -> 0 | K110: 1 | L110: =J110*K110 -> 0
B111: b | C111: Quality | E111: 1 | F111: item | G111: 1 | H111: item | I111: 0 | J111: =E111*G111*I111 -> 0 | K111: 1 | L111: =J111*K111 -> 0
B112: c | C112: OHS | E112: 1 | F112: item | G112: 1 | H112: item | I112: 0 | J112: =E112*G112*I112 -> 0 | K112: 1 | L112: =J112*K112 -> 0
B113: d | C113: Environmental | E113: 1 | F113: item | G113: 1 | H113: item | I113: 0 | J113: =E113*G113*I113 -> 0 | K113: 1 | L113: =J113*K113 -> 0
B114: e | C114: Traffic/Pedestrian | E114: 1 | F114: item | G114: 1 | H114: item | I114: 0 | J114: =E114*G114*I114 -> 0 | K114: 1 | L114: =J114*K114 -> 0
B115: f | C115: Construction Programme | E115: 1 | F115: item | G115: 1 | H115: item | I115: 0 | J115: =E115*G115*I115 -> 0 | K115: 1 | L115: =J115*K115 -> 0
B116: g | C116: Dilapidation Report | E116: 1 | F116: item | G116: 1 | H116: item | I116: 0 | J116: =E116*G116*I116 -> 0 | K116: 1 | L116: =J116*K116 -> 0
B117: h | C117: Other | E117: 1 | F117: item | G117: 1 | H117: item | I117: 1000 | J117: =E117*G117*I117 -> 1000 | K117: 1 | L117: =J117*K117 -> 1000
H118: =H109 -> item | I118: =L118/G109 -> 1000 | J118: =SUM(J110:J117) -> 1000 | L118: =SUM(L110:L117) -> 1000 | N118: =SUM(L110:L117) -> 1000 | O118: =N118-L118 -> 0
B120: 3.2 | C120: OHS&E | G120: 1 | H120: item
B121: a | C121: PPE | E121: 1 | F121: item | G121: 1 | H121: item | I121: 200 | J121: =E121*G121*I121 -> 200 | K121: 1 | L121: =J121*K121 -> 200
B122: b | C122: Signs | E122: 1 | F122: item | G122: 1 | H122: item | I122: 200 | J122: =E122*G122*I122 -> 200 | K122: 1 | L122: =J122*K122 -> 200
B123: c | C123: Environmental Protection | E123: 1 | F123: item | G123: 1 | H123: item | I123: 300 | J123: =E123*G123*I123 -> 300 | K123: 1 | L123: =J123*K123 -> 300
B124: d | C124: First Aid Kits | E124: 1 | F124: item | G124: 1 | H124: item | I124: 100 | J124: =E124*G124*I124 -> 100 | K124: 1 | L124: =J124*K124 -> 100
...

Sheet Programme
D2: DRAFT - PLANNING OF WORKS
B5: Weeks | F5: 0 | K5: 1 | P5: 2 | U5: 3 | Z5: 4 | AE5: 5 | AJ5: 6
B6: Days | F6: =1 -> 1 | G6: =F6+1 -> 2 | H6: =G6+1 -> 3 | I6: =H6+1 -> 4 | J6: =I6+1 -> 5 | K6: =J6+1 -> 6 | L6: =K6+1 -> 7 | M6: =L6+1 -> 8 | N6: =M6+1 -> 9 | ... AN6: =AM6+1 -> 35
B7: Item | C7: Description | D7: Resource | E7: Duration
B8: 1 | C8: Tender
B9: a | C9: Submission | E9: 0
B11: 2 | C11: Contractual
B12: a | C12: Contract Award | D12: Ironbuilt | E12: 0
B14: 3 | C14: Project Documentation/Design and Procurement
B15: a | C15: SWMS | D15: Ironbuilt | E15: 5
B16: b | C16: QA | D16: Ironbuilt | E16: 5
B17: c | C17: Procurement | D17: Ironbuilt | E17: 5
B19: 4 | C19: Site Access/Establishment
B20: a | C20: Establish Compound/Traffic Control/Sediment and Erosion Control/Fencing | D20: Ironbuilt | E20: 1
B21: b | C21: Survey/Setout | D21: TBA | E21: 0
B23: 5 | C23: Demolish/Remove Existing 2 Discus, 2 Shot Put Stations, Cages and Footings
B24: a | C24: Demolish/Remove Existing 2 Discus, 2 Shot Put Stations, Cages and Footings | D24: Ironbuilt | E24: 2
B26: 6 | C26: Demolish/Remove Long Jump Pit Walls and Pit Sand
B27: a | C27: Demolish/Remove Long Jump Pit Walls and Pit Sand | D27: Ironbuilt | E27: 2
B29: 7 | C29: Excavate/Remove Spoil between Existing Long Jump Run Ups and Concrete
B30: a | C30: Excavation to Subgrade | D30: Ironbuilt | E30: 2
B31: b | C31: Subgrade Preparation | D31: Ironbuilt | E31: 1
B32: c | C32: Subbase | D32: Ironbuilt | E32: 2
B33: d | C33: Form/Reo/Pour Concrete | D33: Ironbuilt | E33: 4
B35: 8 | C35: Construct 2 new Discus Stations
B36: a | C36: Excavation to Subgrade | D36: Ironbuilt | E36: 1
B37: b | C37: Subgrade Preparation | D37: Ironbuilt | E37: 1
B38: c | C38: Subbase | D38: Ironbuilt | E38: 1
B39: d | C39: Drainage | D39: Ironbuilt | E39: 1
B40: e | C40: Form/Reo/Pour Concrete | D40: Ironbuilt | E40: 4
B42: 9 | C42: Construct 3 new Shot Put Stations
B43: a | C43: Excavation to Subgrade | D43: Ironbuilt | E43: 1
B44: b | C44: Subgrade Preparation | D44: Ironbuilt | E44: 1
B45: c | C45: Subbase | D45: Ironbuilt | E45: 1
B46: d | C46: Drainage | D46: Ironbuilt | E46: 1
B47: e | C47: Form/Reo/Pour Concrete | D47: Ironbuilt | E47: 4
B49: 10 | C49: Construct new Long Jump Pit Walls
B50: a | C50: Excavation to Subgrade | D50: Ironbuilt | E50: 1
B51: b | C51: Subgrade Preparation | D51: Ironbuilt | E51: 1
B52: c | C52: Subbase | D52: Ironbuilt | E52: 1
B53: d | C53: Drainage | D53: Ironbuilt | E53: 1
B54: e | C54: Form/Reo/Pour Concrete | D54: Ironbuilt | E54: 6
B56: 11 | C56: Supply and Install new Pit Sand
B57: a | C57: Supply and Install new Pit Sand | D57: Ironbuilt | E57: 1
B59: 12 | C59: Supply, Prepare and Install new Rubber Sporting Surfaces
B60: a | C60: 2 new discus stations | D60: TBC | E60: 5
B61: b | C61: 3 new shot put stations | D61: TBC | E61: 5
B62: c | C62: Long jump run ups | D62: TBC | E62: 5
B64: 13 | C64: Install the required Drainage
B65: a | C65: 2 new discus stations | D65: Ironbuilt | E65: 5
B66: b | C66: 3 new shot put stations | D66: Ironbuilt | E66: 5
B67: c | C67: Long jump pit walls (2 off) | D67: Ironbuilt | E67: 5
B69: 14 | C69: Site Restorations and Clean-up
B70: a | C70: Site Restoration | D70: Ironbuilt | E70: 3
B71: b | C71: Clean Up | D71: Ironbuilt | E71: 2
B72: a | C72: Site Dis-establish + Clean Up | D72: Ironbuilt | E72: 1
